 Dungeon Crawl Stone Soup version 0.29.0-5-ge4962eb29e (webtiles) character file.

Game seed: 9404882482396964544

132 RascalDebosk the Shield-Bearer (level 4, -1/45 HPs)
             Began as a Troll Fighter on Aug 28, 2022.
             Slain by an ogre
             ... wielding a +0 giant club
              (24 damage)
             ... on level 4 of the Dungeon.
             The game lasted 00:28:45 (2072 turns).

RascalDebosk the Shield-Bearer (Troll Fighter)      Turns: 2072, Time: 00:28:45

Health: -1/45      AC:  4    Str: 24    XL:     4   Next: 92%
Magic:  3/3        EV:  9    Int:  4    God:
Gold:   17         SH:  9    Dex: 17    Spells: 3/3 levels left

rFire   . . .      SeeInvis .   j - +4 morningstar (vamp)
rCold   . . .      Faith    .   c - +0 kite shield
rNeg    . . .      Spirit   .   v - +0 robe
rPois   .          Reflect  .   (helmet restricted)
rElec   .          Harm     .   (no cloak)
rCorr   .          Rampage  .   (gloves unavailable)
Will    .....                   (boots unavailable)
Stlth   ++........              (no amulet)
HPRegen 0.95/turn               e - +6 ring of dexterity
MPRegen 0.08/turn               (no ring)

@: no status effects
A: large, unfitting armour, claws 3, regeneration 1, shaggy fur 1, tough skin 1
a: no special abilities


You were on level 4 of the Dungeon.
You visited 1 branch of the dungeon, and saw 4 of its levels.

You collected 137 gold pieces.
You spent 120 gold pieces at shops.

Inventory:

Hand Weapons
 a - a +0 flail
 j - a +4 vampiric morningstar (weapon)
Missiles
 g - 5 large rocks
 i - 6 curare-tipped darts (quivered)
Armour
 c - a +0 kite shield (worn)
 v - a +0 robe (worn)
Jewellery
 e - a +6 ring of dexterity (left claw)
Wands
 b - a wand of quicksilver (10)
Scrolls
 f - 2 scrolls of blinking
 h - 4 scrolls of teleportation
Potions
 d - a potion of might
 k - a potion of berserk rage
 l - a potion of haste
 w - 2 potions of curing
 x - a potion of degeneration
 z - a potion of mutation


   Skills:
 + Level 3.0 Fighting
 + Level 2.5 Maces & Flails
 + Level 1.7 Throwing
 + Level 3.0 Dodging
 + Level 3.2 Shields


You had 3 spell levels left.
You didn't know any spells.
Your spell library was empty.

Dungeon Overview and Level Annotations

Branches:
Dungeon (4/15)
 Temple: D:4-7

Altars:
Ashenzari
Fedhas

Shops:
D:4 *!


Innate Abilities, Weirdness & Mutations

You are too large for most types of armour.
You have claws for hands.
Your natural rate of healing is unusually fast.
You are covered in fur. (AC +1)
You have tough skin. (AC +1)


Message History

There is an open door here.
Found Mailu Wap's Assorted Antiques.
There is an entrance to Mailu Wap's Assorted Antiques here.
You can access your shopping list by pressing '$'.
Why would you want to do that?
Your hearing returns.
An orc comes into view. It is wielding a +0 club.
An orc comes into view. It is wielding a +0 dagger.
As you read the scroll of enchant weapon, it crumbles to dust.
Your +2 vampiric morningstar glows red for a moment.
As you read the scroll of enchant weapon, it crumbles to dust.
Your +3 vampiric morningstar glows red for a moment.
The orc shouts!
You hear a shout! x2
You puncture the orc!
You kill the orc!
Things that are here:
a +0 dagger; a +0 ring mail; an orc corpse A ball python comes into view.
The ball python hisses angrily.
You hear a shout!
An ogre comes into view. It is wielding a +0 giant club.
An orc comes into view. It is wielding a +0 hand axe.
There is an open door here.
You feel your willpower return.
You hit the ball python.
You kill the ball python!
The orc shouts!
You see here a ball python corpse.
You bludgeon the orc!!
You kill the orc!
You puncture the ogre!
The ogre is moderately wounded.
The ogre hits you with a +0 giant club!
You closely miss the ogre.
The ogre is moderately wounded.
The ogre hits you with a +0 giant club! The orc hits you but does no damage.
You sock the orc!
You feel better.
You kill the orc!
The ogre hits you with a +0 giant club!!
Ouch! That really hurt!
You die...

*,,,,*,,,**,,**,,,**~**,**~##.#..
*,,,,*,,,,,,,,,,,..+~*,_,~~#..#..
*,,,,*,,,,,,,,,...#*~**,**~*#.#..
*,,,,*+****,**##O.#~~~***~~~#....
,,***,,,,**,**#...#~~~~~~~~~#....
,,,,+,,,,+,,,*,...#⌠~~#**~~⌠#....
,,,,*,,,,*,,,*,,..#####.#####....
*****,,,,*,######O...............
,,,,,,,,**,#....@)####*,.#.......
,,,,,,,,+,,#......'..##+##§......
,,,,,,,,*,,#......#..#...≈§...###
,,,,,,,,**+#......#.)#..§§§...###
,,,,,,,,,...########...§...§..#..
,,,,,,,,,..,* ##.≈..∩..≈.#.⌠
,,,,,,,,,.,,* #§.≈...≈.##..
,,,,,,,,,,,,* #...≈.≈..##.⌠
************* ##...≈...##..


You could see an ogre.

Vanquished Creatures
  A hound (D:4)
  4 gnolls (D:3)
  2 worms (D:2)
  2 dart slugs
  3 orcs (D:4)
  5 bats
  3 endoplasms
  A giant cockroach (D:2)
  5 goblins
  4 hobgoblins
  4 jackals (D:1)
  3 quokkas
  6 ball pythons
  3 frilled lizards
  A kobold (D:2)
  4 rats
51 creatures vanquished.

Notes
Turn   | Place    | Note
-------+----------+-------------------------------------------
     0 | D:1      | RascalDebosk the Troll Fighter began the quest for the Orb.
     0 | D:1      | Reached XP level 1. HP: 22/22 MP: 0/0
    96 | D:1      | Reached XP level 2. HP: 29/29 MP: 1/1
   895 | D:2      | Reached XP level 3. HP: 34/36 MP: 2/2
  1018 | D:2      | Reached skill level 1 in Throwing
  1230 | D:3      | Found a faded altar of an unknown god.
  1505 | D:3      | Found a broken altar of Ashenzari.
  1583 | D:3      | Reached XP level 4. HP: 31/44 MP: 3/3
  1616 | D:3      | Found a blossoming altar of Fedhas.
  2009 | D:4      | Found Nucoent's Distillery.
  2014 | D:4      | Bought a potion of degeneration for 10 gold pieces
  2014 | D:4      | Bought a potion of curing for 30 gold pieces
  2014 | D:4      | Bought a potion of mutation for 80 gold pieces
  2024 | D:4      | Identified a scroll of acquirement
  2024 | D:4      | Acquired a +2 vampiric morningstar
  2041 | D:4      | Found Mailu Wap's Assorted Antiques.
  2064 | D:4      | Noticed an ogre
  2072 | D:4      | Slain by an ogre

Illustrated notes

Levels and vault maps discovered:
D:1:      minmay_arrival_up_and_down, layout_basic
D:2:      layout_rooms
D:3:      layout_loops_ring, fedhas_altar_2, mainiacjoe_overflow_24_doors,
          ebering_ecumenical_altar_abandoned
D:4:      layout_gridville, xom_redecorated, kennysheep_mini,
          mainiacjoe_overflow_small_starburst, cheibrodos_worm_habitat,
          elyvilon_altar_3, serial_shops, kennysheep_little_box,
          nicolae_diamond_shop, uniq_duvessa, uniq_sigmund

Skill      XL: |  1  2  3  4 |
---------------+-------------+-----
Maces & Flails | 2 |  2.5
Shields        | 3 |  3.2
Throwing       | 1 |  1.7
Fighting       | 3 |  3.0
Dodging        | 3 |  3.0

Action                   |  1- 3 |  4- 6 || total
-------------------------+-------+-------++-------
Melee: Flail             |    88 |    11 ||    99
       Morningstar       |       |     6 ||     6
Throw: Large rock        |     2 |       ||     2
       Dart              |     1 |     1 ||     2
  Use: Scroll            |       |    14 ||    14
 Stab: Sleeping          |     2 |       ||     2
Armor: Robe              |    25 |     1 ||    26
Dodge: Dodged            |    36 |     6 ||    42
Block: Kite shield       |    43 |     3 ||    46
